 Dungeon Sprint DCSS version 0.31-a0-1093-gadecf4124d (webtiles) character file.

Game seed: 1215888595449085264

35 CrazyBamboolord the Ducker (level 3, -1/25 HPs)
             Began as a Djinni Ice Elementalist on Nov 29, 2023.
             Slain by an iguana (8 damage)
             ... in the Dungeon (Sprint IX: "|||||||||||||||||||||||||||||").
             The game lasted 00:00:33 (65 turns).

CrazyBamboolord the Ducker (Djinni Ice Elementalist)  Turns: 65, Time: 00:00:33

Health: -1/25      AC:  2    Str:  7    XL:     3   Next: 52%
Gold:   0          EV: 14    Int: 18    God:
                   SH:  0    Dex: 13

rFire   + + .        (no weapon)
rCold   x . .        (no shield)
rNeg    . . .        a - +0 robe
rPois   ∞            (no helmet)
rElec   .            (no cloak)
rCorr   .            (no gloves)
SInv    .            (boots unavailable)
Will    .....        (no amulet)
Stlth   ++           (no ring)
HPRegen 0.24/turn    (no ring)
MPRegen 0.00/turn

%: no teleportation, infuse magic (-2 HP)
@: flying
A: sickness immunity, fire resistance 2, cold vulnerability 1, float, innate
caster, HP casting, extra vitality 1
a: no special abilities


You were in the Dungeon.
You visited 1 branch

Inventory:

Armour
 a - a +0 robe (worn)
Scrolls
 f - a scroll of blinking
Potions
 b - a potion of curing
 c - a potion of heal wounds
 d - a potion of haste
 e - a potion of berserk rage


   Skills:
 + Level 0.1 Fighting
 * Level 5.9 Dodging
 - Level 1.5 Stealth
 * Level 4.4 Spellcasting
 * Level 4.4 Conjurations
 * Level 4.4 Hexes
 * Level 4.4 Summonings
 * Level 4.4 Necromancy
 * Level 4.4 Translocations
 * Level 4.4 Transmutations
 * Level 4.4 Fire Magic
 * Level 4.4 Ice Magic
 * Level 4.4 Air Magic
 * Level 4.4 Earth Magic
 * Level 4.4 Poison Magic


You knew the following spells:

 Your Spells              Type           Power      Damage    Failure   Level
a - Freeze                Ice            76%        1d8       2%          1
b - Frozen Ramparts       Ice            38%        1d6       7%          3
c - Ozocubu's Armour      Ice            19%        N/A       7%          3
d - Summon Ice Beast      Ice/Summ       19%        N/A       22%         4
e - Sandblast             Erth           38%        2d10      2%          1
Your spell library was empty.

Dungeon Overview and Level Annotations

Branches:
Dungeon (1/1)

Altars:


Innate Abilities, Weirdness & Mutations

You are immune to sickness and miasma.
You are immune to poison.
Your flesh is very heat resistant. (rF++)
You are vulnerable to cold. (rC-)
You float through the air rather than walking.
You learn spells naturally, not from books.
Your magical power is your life essence.
You have superior vitality. (+4 MHP)


Message History

Press: ? - help, Q - select action Shift-Dir - straight line, f/p - iguana
Aim: an iguana (almost dead, slow)
You freeze the iguana.
You kill the iguana!
Your Dodging skill increases to level 5!
Your Spellcasting skill increases to level 4!
Your Conjurations skill increases to level 4!
Your Hexes skill increases to level 4!
Your Summonings skill increases to level 4!
Your Necromancy skill increases to level 4!
Your Translocations skill increases to level 4!
Your Transmutations skill increases to level 4!
Your Fire Magic skill increases to level 4!
Your Ice Magic skill increases to level 4!
Your Air Magic skill increases to level 4!
Your Earth Magic skill increases to level 4!
Your Poison Magic skill increases to level 4!
You have reached level 3!
Your experience leads to an increase in your attributes!
Increase (S)trength, (I)ntelligence, or (D)exterity?
You feel clever. x2
The power to cast Sandblast wells up from within.
Spell assigned to 'e'.
Aiming: Freeze (safe; 2% risk of failure)
Press: ? - help, Q - select action, (/) - cycle Shift-Dir - straight line, f - quokka
Aim: a quokka You freeze the quokka.
The quokka is moderately wounded.
The quokka bites you.
* * * LOW HITPOINT WARNING * * *
Aiming: Freeze (safe; 2% risk of failure)
Press: ? - help, Q - select action, (/) - cycle Shift-Dir - straight line, f/p - quokka
Aim: a quokka (moderately wounded)
You freeze the quokka.
You kill the quokka!
* * * LOW HITPOINT WARNING * * *
You hit the iguana but do no damage.
The howler monkey hoots and howls with incredible vigour!
The iguana bites you!
You die...

▓+▓
▓.▓
▓.▓
▓.▓
▓g▓
▓h▓
▓l▓
▓@▓
▓.▓
▓.▓
▓.▓
▓.▓
▓†▓
▓.▓
▓.▓
▓.▓


You could see a gnoll bouda, a howler monkey and an iguana.

Vanquished Creatures
  An iguana (D)
  A ball python (D)
  A giant cockroach (D)
  2 hobgoblins (D)
  A quokka (D)
  A frilled lizard (D)
7 creatures vanquished.

Notes
Turn   | Place    | Note
-------+----------+-------------------------------------------
     0 | D        | CrazyBamboolord the Djinni Ice Elementalist began the quest
                  | for the Orb.
     0 | D        | CrazyBamboolord set off with the following spells
                  | memorised: Freeze, Frozen Ramparts, Ozocubu's Armour,
                  | Summon Ice Beast.
     0 | D        | Reached XP level 1. HP: 15/15 MP: 0/0
     6 | D        | Reached skill level 3 in Dodging
    12 | D        | Reached skill level 4 in Dodging
    12 | D        | Reached XP level 2. HP: 12/21 MP: 0/0
    56 | D        | Noticed a howler monkey
    63 | D        | Reached skill level 5 in Dodging
    63 | D        | Reached XP level 3. HP: 11/25 MP: 0/0
    63 | D        | Learned a level 1 spell: Sandblast
    65 | D        | Slain by an iguana

Illustrated notes

Levels and vault maps discovered:
D:        linesprint [early_d, line_temple, items_1, d_10, items_2, lair_1,
          lair_end, items_3, orc_1, orc_end, items_4, d_15, swamp_1, shoals_1,
          snake_1, spider_1, d_20, vaults_1, items_5, swamp_end, shoals_end,
          snake_end, spider_end, vaults_end, d_27, items_6, zot_1, zot_end,
          crypt_end, forest_end, elf_end, slime_end, tomb_end, abyss_end,
          pan_hell_end]

Skill      XL: |  1  2 |
---------------+-------+-----
Dodging        | 4 5 |  5.9
Spellcasting   | 4 |  4.4
Conjurations   | 4 |  4.4
Hexes          | 4 |  4.4
Summonings     | 4 |  4.4
Necromancy     | 4 |  4.4
Translocations | 4 |  4.4
Transmutations | 4 |  4.4
Fire Magic     | 4 |  4.4
Ice Magic      | 4 |  4.4
Air Magic      | 4 |  4.4
Earth Magic    | 4 |  4.4
Poison Magic   | 4 |  4.4
Fighting       | |  0.1
Stealth        | |  1.5

Action                     || total
---------------------------++-------
  Melee: Unarmed           ||     2
   Cast: Freeze            ||    15
 Armour: Robe              ||     6
  Dodge: Dodged            ||     4

Table legend: (Time is in decaauts)
 A = Elapsed time spent in this place.
 B = Non-inter-level travel time spent in this place.
 C = Inter-level travel time spent in this place.
 D = Time resting spent in this place.
 E = Time spent auto-exploring this place.
 F = Levels seen in this place.
 G = Mean time per level.
                   A        B        C        D        E       F      G
               +--------+--------+--------+--------+--------+-----+--------+
         Total |     65 |     65 |      0 |     38 |      0 |   1 |   65.0 |
       Dungeon |     65 |     65 |      0 |     38 |      0 |   1 |   65.0 |
               +--------+--------+--------+--------+--------+-----+--------+

Top non-repeatable levels by time:
       D: 65 daAuts
